[Event "83rd ESP-ch Women-ch 2018"]
[Site "Linares"]
[Date "2018.08.25"]
[Round "6"]
[White "Teran Alvarez, Ismael"]
[Black "Santos Ruiz, Miguel"]
[Result "0-1"]
[WhiteElo "2377"]
[BlackElo "2517"]
[ECO "E20"]
[Opening "Nimzo-Indian"]
[Variation "Romanishin-Kasparov (Steiner) system"]
[TimeControl "5400+30"]
[Annotator "RC"]
[EventDate "2018.08.20"]
[PlyCount "97"]
[EventType "swiss"]
[EventCountry "ESP"]

1. d4 Nf6 2. c4 e6 3. Nc3 Bb4 4. g3 O-O 5. Bg2 d5 6. Nf3 dxc4 7. O-O Nc6 8.
Qa4 Nd5 9. Qc2 Be7 10. Rd1 Rb8 11. e4 Ncb4 12. Qb1 Nxc3 13. bxc3 Nd3 14.
Qb5 Nxc1 15. Raxc1 c5 16. Ne5 Qc7 17. f4 Rd8 18. Kh1 f6 19. Nf3 cxd4 20.
cxd4 Bd7 21. Qxc4 Qxc4 22. Rxc4 Rbc8 23. Rdc1 Rxc4 24. Rxc4 Bc6 25. Ng1 Kf7
26. a4 Be8 27. d5 exd5 28. exd5 a5 29. Rc7 Rd7 30. Rc4 Bb4 31. Nf3 Re7 32.
Bh3 Bxa4 33. d6 Rd7 34. Rc7 Ke8 35. Bxd7+ Bxd7 36. Rxb7 Bc6 37. Rb8+ Kd7
38. Kg2 Bxd6 39. Rb1 Bc5 40. g4 a4 41. Kg3 a3 42. Nd4 a2 43. Rd1 Bxd4 44.
Rxd4+ Ke6 45. Rd1 Be4 46. f5+ Ke5 47. Re1 Kd4 48. Ra1 Bb1 49. Kf4 0-1

[Event "83rd ESP-ch Women-ch 2018"]
[Site "Linares"]
[Date "2018.08.25"]
[Round "6"]
[White "Perez Perez, Gabriel"]
[Black "Vazquez Pino, Miguel A"]
[Result "1-0"]
[WhiteElo "2058"]
[BlackElo "1909"]
[ECO "C04"]
[Opening "French"]
[Variation "Tarrasch, Guimard main line"]
[TimeControl "5400+30"]
[Annotator "NA RC"]
[EventDate "2018.08.20"]
[PlyCount "147"]
[EventType "swiss"]
[EventCountry "ESP"]

1. e4 e6 2. d4 d5 3. Nd2 Nc6 4. Ngf3 Nf6 5. e5 Nd7 6. Nb3 a5 7. a4 f6 8.
Bb5 fxe5 9. dxe5 Be7 10. Nbd4 Ndb8 11. Ng5 Bxg5 12. Qh5+ g6 13. Qxg5 Qxg5
14. Bxg5 O-O 15. Nxc6 bxc6 16. Be2 Nd7 17. f4 Kg7 18. Rf1 Ba6 19. Rf3 Bxe2
20. Kxe2 h6 21. Be7 Rf7 22. Ba3 c5 23. Raf1 Raf8 24. h4 h5 25. g3 Rb8 26.
Rc3 c4 27. b3 Nb6 28. Bc5 Nd7 29. Bg1 Rb4 30. Rd1 c5 31. Bf2 Rf8 32. bxc4
d4 33. Rb3 Nb6 34. Be1 Nxc4 35. Bxb4 axb4 36. a5 Ra8 37. Ra1 Rxa5 38. Rxa5
Nxa5 39. Rb1 Nc4 40. Kd3 Ne3 41. Ra1 c4+ 42. Kd2 Kf7 43. Ra7+ Kf8 44. Rb7
Nf1+ 45. Ke2 Nxg3+ 46. Kf3 d3 47. Rxb4 d2 48. Rb1 Nf5 49. c3 Nxh4+ 50. Ke4
Nf5 51. Rd1 h4 52. Rxd2 Kg7 53. Kf3 Kf7 54. Rd7+ Ke8 55. Rc7 h3 56. Rxc4
Kd7 57. Ra4 Kc6 58. Ra2 Kc5 59. Rh2 Kc4 60. Rxh3 Kxc3 61. Rh8 Kd3 62. Rd8+
Kc4 63. Kg4 Nh6+ 64. Kf3 Nf5 65. Rd6 Kc5 66. Rd1 Kc4 67. Rd8 Kc5 68. Rf8
Kd4 69. Rf6 Kd5 70. Kg4 Ke4 71. Rxe6 Ne3+ 72. Kg5 Nd5 73. Ra6 Kd4 74. Rd6
1-0

[Event "83rd ESP-ch Women-ch 2018"]
[Site "Linares"]
[Date "2018.08.25"]
[Round "6"]
[White "Sobrino Forte, Alvaro"]
[Black "Ucles Lirola, Moises"]
[Result "1-0"]
[WhiteElo "1984"]
[BlackElo "1858"]
[ECO "B76"]
[Opening "Sicilian"]
[Variation "dragon, Yugoslav attack, Rauser variation"]
[TimeControl "5400+30"]
[Annotator "NA RC"]
[EventDate "2018.08.20"]
[PlyCount "101"]
[EventType "swiss"]
[EventCountry "ESP"]

1. e4 c5 2. Nf3 d6 3. d4 cxd4 4. Nxd4 Nf6 5. Nc3 g6 6. Be3 Bg7 7. f3 O-O 8.
Qd2 Nc6 9. O-O-O d5 10. Kb1 Nxd4 11. e5 Nf5 12. exf6 exf6 13. Nxd5 Nxe3 14.
Qxe3 Be6 15. Bc4 Re8 16. Nf4 Qc7 17. Bxe6 fxe6 18. Nxe6 Qf7 19. Rhe1 Rac8
20. Qb3 Bh6 21. Nd4 Qxb3 22. Nxb3 Rxe1 23. Rxe1 Kf7 24. c3 Bf4 25. Kc2 h5
26. h3 Rc7 27. Re4 g5 28. Nd4 Rd7 29. Nb3 Rc7 30. Nc1 f5 31. Re2 Bg3 32.
Nd3 Kf6 33. b3 g4 34. hxg4 hxg4 35. c4 gxf3 36. gxf3 Rh7 37. Nb4 Bd6 38.
Nd5+ Kf7 39. b4 b6 40. Kb3 Rh1 41. Ka4 Rc1 42. Kb5 a5 43. a3 Rb1 44. Re3
Bf8 45. Re5 Kg6 46. Re6+ Kg5 47. Rxb6 axb4 48. axb4 f4 49. c5 Rb3 50. Nxf4
Bxc5 51. Ne6+ 1-0

[Event "83rd ESP-ch Women-ch 2018"]
[Site "Linares"]
[Date "2018.08.25"]
[Round "6"]
[White "Ramos Saavedra, Mario"]
[Black "Mohamed Garcia, Ismael"]
[Result "1-0"]
[WhiteElo "1981"]
[BlackElo "1814"]
[ECO "C41"]
[Opening "Philidor"]
[Variation "exchange variation"]
[TimeControl "5400+30"]
[Annotator "NA RC"]
[EventDate "2018.08.20"]
[PlyCount "87"]
[EventType "swiss"]
[EventCountry "ESP"]

1. e4 e5 2. Nf3 d6 3. d4 exd4 4. Nxd4 Nf6 5. Nc3 Be7 6. Bf4 O-O 7. Qd2 Nc6
8. O-O-O Nxd4 9. Qxd4 Nh5 10. Be3 Be6 11. Kb1 Nf6 12. f3 Nd7 13. g4 Bf6 14.
Qd2 Ne5 15. Be2 Bc4 16. g5 Bxe2 17. Qxe2 Be7 18. h4 Qd7 19. Rdg1 b5 20. f4
Nc4 21. Bc1 Qc6 22. b3 Na3+ 23. Bxa3 Qxc3 24. Qxb5 Rfb8 25. Qd3 Qa5 26. Bb2
c5 27. Qc3 Qxc3 28. Bxc3 Bf8 29. Rh2 Re8 30. Re1 g6 31. Kb2 Rab8 32. Rd2
Rbd8 33. Rd5 h5 34. gxh6 Bxh6 35. f5 Kh7 36. fxg6+ fxg6 37. h5 gxh5 38.
Rxh5 Kg6 39. Rf5 Rf8 40. Rg1+ Kh7 41. Rh5 Rg8 42. Rgh1 Kg6 43. Rxh6+ Kg5
44. Bf6+ 1-0

[Event "83rd ESP-ch Women-ch 2018"]
[Site "Linares"]
[Date "2018.08.25"]
[Round "6"]
[White "Rodriguez Redondo, Adhara"]
[Black "Sosa Suarez, Carla Cristina"]
[Result "0-1"]
[WhiteElo "1909"]
[BlackElo "2006"]
[ECO "C50"]
[Opening "Giuoco Pianissimo"]
[TimeControl "5400+30"]
[Annotator "NA RC"]
[EventDate "2018.08.20"]
[PlyCount "108"]
[EventType "swiss"]
[EventCountry "ESP"]

1. e4 e5 2. Nf3 Nc6 3. Bc4 Nf6 4. d3 Bc5 5. c3 a5 6. O-O d6 7. Bb3 O-O 8.
Nbd2 h6 9. h3 Be6 10. Bc2 Qb8 11. Re1 Qa7 12. Qe2 Rfe8 13. Nf1 Rad8 14. Nh4
d5 15. Qf3 Nh7 16. Ng3 Ng5 17. Bxg5 hxg5 18. Nhf5 g6 19. Ne3 Ne7 20. Qf6 d4
21. cxd4 exd4 22. Ng4 Bxg4 23. hxg4 Rd6 24. Qxg5 f6 25. Qh6 a4 26. Kh2 Rf8
27. Rh1 Kf7 28. Kg1 Rdd8 29. Qh7+ Ke6 30. f4 Qa5 31. Rd1 Bd6 32. Ne2 c5 33.
g5 Rf7 34. Qh3+ f5 35. Qf3 Bc7 36. Kf2 Kd7 37. exf5 Rxf5 38. Rh7 Re8 39. g4
Rff8 40. Qd5+ Bd6 41. Qxb7+ Kd8 42. Qf3 Qa6 43. b3 Qc6 44. Qxc6 Nxc6 45.
Rg7 Nb4 46. Rd2 Re3 47. Ra7 Bxf4 48. Ra8+ Bb8+ 49. Kg2 Kc7 50. Rxa4 Nd5 51.
Rc4 Kb6 52. Bb1 Ref3 53. Rc1 Ne3+ 54. Kg1 Rf1+ 0-1

[Event "83rd ESP-ch Women-ch 2018"]
[Site "Linares"]
[Date "2018.08.25"]
[Round "6"]
[White "Amoros Moran, Jose Joaquin"]
[Black "Blazquez Gomez, Miguel"]
[Result "0-1"]
[WhiteElo "1908"]
[BlackElo "1998"]
[ECO "B76"]
[Opening "Sicilian"]
[Variation "dragon, Yugoslav attack, 7...O-O"]
[TimeControl "5400+30"]
[Annotator "NA RC"]
[EventDate "2018.08.20"]
[PlyCount "84"]
[EventType "swiss"]
[EventCountry "ESP"]

1. e4 c5 2. Nf3 d6 3. d4 cxd4 4. Nxd4 Nf6 5. Nc3 g6 6. Be3 Bg7 7. f3 O-O 8.
Qd2 Nc6 9. g4 Ne5 10. O-O-O Be6 11. Bh6 Rc8 12. Bxg7 Kxg7 13. g5 Nh5 14. f4
Nc4 15. Nxe6+ fxe6 16. Qd4+ e5 17. fxe5 Nxe5 18. Qxa7 Qc7 19. Kb1 Nf4 20.
Qe3 Ne6 21. Be2 Qa5 22. h4 Rxc3 23. Qxc3 Qxc3 24. bxc3 Rc8 25. c4 Nc5 26.
Bd3 Rc6 27. Rdf1 Ra6 28. h5 gxh5 29. Rxh5 Ra8 30. Rfh1 Rh8 31. R1h3 Ne6 32.
Rg3 Nf4 33. Rh2 b6 34. Kb2 Rc8 35. Kb3 Ra8 36. a4 Ra5 37. Rf2 Ne6 38. Rh2
Nc5+ 39. Kb4 Rxa4+ 40. Kb5 Ra2 41. Bf1 Rb2+ 42. Rb3 Nxb3 0-1

[Event "83rd ESP-ch Women-ch 2018"]
[Site "Linares"]
[Date "2018.08.26"]
[Round "7"]
[White "Tejedor Fuente, Enrique"]
[Black "Orantes Taboada, Francisco"]
[Result "1-0"]
[WhiteElo "2408"]
[BlackElo "2242"]
[ECO "B26"]
[Opening "Sicilian"]
[Variation "closed, 6.Be3"]
[TimeControl "40/5400+30:1800+30"]
[Annotator "ChessBase"]
[EventDate "2018.08.09"]
[PlyCount "61"]
[EventType "tourn"]
[EventCountry "ESP"]

1. e4 c5 2. Nc3 Nc6 3. g3 g6 4. Bg2 Bg7 5. d3 d6 6. Be3 Rb8 7. Qd2 Qa5 8.
Nge2 Nf6 9. h3 Bd7 10. O-O O-O 11. a3 b5 12. b4 Qb6 13. Rab1 Nd4 14. bxc5
Nxe2+ 15. Qxe2 Qa5 16. Bd2 Qxa3 17. e5 dxe5 18. c6 Be8 19. Nxb5 Qa6 20. Nc7
Qc8 21. Qxe5 Ng4 22. Qxe7 Rxb1 23. Rxb1 Ne5 24. Nxe8 Rxe8 25. Qb7 Qf5 26.
Re1 Bf8 27. c7 Bc5 28. Be3 Bd6 29. d4 Nc4 30. Qc6 Qe6 31. Bd5 1-0

[Event "83rd ESP-ch Women-ch 2018"]
[Site "Linares"]
[Date "2018.08.26"]
[Round "7"]
[White "Suarez Uriel, Adrian"]
[Black "Rodriguez Perez, Angel Mariano"]
[Result "1/2-1/2"]
[WhiteElo "2391"]
[BlackElo "2223"]
[ECO "B54"]
[Opening "Sicilian"]
[TimeControl "40/5400+30:1800+30"]
[Annotator "ChessBase"]
[EventDate "2018.08.09"]
[PlyCount "84"]
[EventType "tourn"]
[EventCountry "ESP"]

1. e4 c5 2. Nf3 d6 3. d4 cxd4 4. Nxd4 a6 5. c4 Nf6 6. Nc3 Nc6 7. Be2 Bd7 8.
Be3 g6 9. O-O Bg7 10. h3 O-O 11. Rc1 Nxd4 12. Bxd4 Bc6 13. Qd3 Nd7 14. b4
Bxd4 15. Qxd4 Qb6 16. Qxb6 Nxb6 17. c5 dxc5 18. bxc5 Nc8 19. f4 e6 20. f5
exf5 21. exf5 Ne7 22. f6 Nd5 23. Nxd5 Bxd5 24. Bf3 Bxf3 25. Rxf3 Rac8 26.
Rb3 Rc7 27. Rcb1 Rb8 28. Rb6 Rxc5 29. Rxa6 h6 30. Ra7 g5 31. Rb6 Rc6 32.
Rxc6 bxc6 33. a4 Rb2 34. a5 Ra2 35. a6 Kh7 36. Rxf7+ Kg6 37. Ra7 Kxf6 38.
Ra8 Kg7 39. a7 c5 40. Kf1 c4 41. Ke1 c3 42. Rc8 Rxa7 1/2-1/2

[Event "83rd ESP-ch Women-ch 2018"]
[Site "Linares"]
[Date "2018.08.26"]
[Round "7"]
[White "Sanchez Aller, Fernando"]
[Black "Arroyo Rodriguez, Jesus"]
[Result "1-0"]
[WhiteElo "2345"]
[BlackElo "2099"]
[ECO "B23"]
[Opening "Sicilian"]
[Variation "closed"]
[TimeControl "40/5400+30:1800+30"]
[Annotator "ChessBase"]
[EventDate "2018.08.09"]
[PlyCount "51"]
[EventType "tourn"]
[EventCountry "ESP"]

1. e4 c5 2. Nc3 g6 3. d4 Bg7 4. dxc5 Qa5 5. Bd2 Qxc5 6. Nd5 Na6 7. Bxa6
bxa6 8. Nf3 Rb8 9. O-O e6 10. Be3 Qa5 11. Bd4 f6 12. Re1 exd5 13. exd5+ Kf7
14. Qe2 Qd8 15. d6 Bb7 16. Qc4+ Kf8 17. Bc5 Rc8 18. Re7 Nh6 19. Nd4 f5 20.
Ne6+ dxe6 21. Rxb7 Rxc5 22. Qxc5 Nf7 23. Rd1 Bf6 24. Qc7 Qe8 25. d7 Qe7 26.
d8=Q+ 1-0

[Event "83rd ESP-ch Women-ch 2018"]
[Site "Linares"]
[Date "2018.08.26"]
[Round "7"]
[White "Lianes Garcia, Marcos"]
[Black "Merario Alarcon, Andres"]
[Result "1/2-1/2"]
[WhiteElo "2340"]
[BlackElo "2406"]
[ECO "D35"]
[Opening "QGD"]
[Variation "exchange, positional line, 5...c6"]
[TimeControl "40/5400+30:1800+30"]
[Annotator "ChessBase"]
[EventDate "2018.08.09"]
[PlyCount "44"]
[EventType "tourn"]
[EventCountry "ESP"]

1. d4 d5 2. c4 e6 3. Nc3 Nf6 4. cxd5 exd5 5. Bg5 c6 6. e3 Bd6 7. Bd3 O-O 8.
Qc2 h6 9. Bh4 Re8 10. Nge2 a5 11. O-O Bxh2+ 12. Kxh2 Ng4+ 13. Kg3 g5 14.
Bf5 gxh4+ 15. Kh3 Rxe3+ 16. fxe3 Nxe3 17. Qd3 Qg5 18. Bxc8 Qxg2+ 19. Kxh4
Qg5+ 20. Kh3 Qg2+ 21. Kh4 Qg5+ 22. Kh3 Qg2+ 1/2-1/2

[Event "83rd ESP-ch Women-ch 2018"]
[Site "Linares"]
[Date "2018.08.26"]
[Round "7"]
[White "Balbuena Fuentes, Mario"]
[Black "Gil Quilez, Sonia"]
[Result "1-0"]
[WhiteElo "2306"]
[BlackElo "2066"]
[ECO "C70"]
[Opening "Ruy Lopez"]
[Variation "Cozio defence deferred"]
[TimeControl "40/5400+30:1800+30"]
[Annotator "ChessBase"]
[EventDate "2018.08.09"]
[PlyCount "85"]
[EventType "tourn"]
[EventCountry "ESP"]

1. e4 e5 2. Nf3 Nc6 3. Bb5 a6 4. Ba4 Nge7 5. c3 g6 6. O-O Bg7 7. d4 exd4 8.
cxd4 b5 9. Bc2 O-O 10. d5 Na5 11. Bd2 Nc4 12. Bc3 Nxb2 13. Qe2 Nc4 14. Bxg7
Kxg7 15. Nc3 Nb6 16. Qe3 d6 17. Nd4 Bd7 18. f4 Nc4 19. Qg3 c5 20. Nde2 f5
21. e5 b4 22. e6 Be8 23. Na4 Qa5 24. Bb3 Nd2 25. Nb2 Nxf1 26. Qh4 Qc7 27.
Rxf1 Bb5 28. Re1 a5 29. Bc4 Bxc4 30. Nxc4 Ra6 31. Ng3 Re8 32. Qg5 Kg8 33.
Ne3 Rf8 34. Nexf5 Ra7 35. Nh6+ Kh8 36. f5 Ng8 37. Nxg8 Kxg8 38. e7 Re8 39.
f6 Kf7 40. Nf5 Rf8 41. exf8=Q+ Kxf8 42. Qh6+ Kg8 43. Re8+ 1-0

[Event "83rd ESP-ch Women-ch 2018"]
[Site "Linares"]
[Date "2018.08.26"]
[Round "7"]
[White "Moral Garcia, Serafin"]
[Black "Kolotilina, Liudmila"]
[Result "0-1"]
[WhiteElo "2287"]
[BlackElo "2216"]
[ECO "B29"]
[Opening "Sicilian"]
[Variation "Nimzovich-Rubinstein variation"]
[TimeControl "40/5400+30:1800+30"]
[Annotator "ChessBase"]
[EventDate "2018.08.09"]
[PlyCount "104"]
[EventType "tourn"]
[EventCountry "ESP"]

1. e4 c5 2. Nf3 Nf6 3. Nc3 d5 4. exd5 Nxd5 5. Bb5+ Bd7 6. Ne5 Nf6 7. Bc4 e6
8. O-O Nc6 9. Nxc6 Bxc6 10. d3 Bd6 11. Qe2 Qc7 12. h3 a6 13. a4 O-O-O 14.
Ne4 Be7 15. Ng5 Be8 16. Nf3 Nd5 17. Bg5 Kb8 18. Bxe7 Nxe7 19. Qe5 Qxe5 20.
Nxe5 f6 21. Ng4 e5 22. f4 exf4 23. Rxf4 Nc6 24. Ne3 Nd4 25. Rf2 Bg6 26. Rd2
Rhe8 27. Kf2 Re5 28. c3 Nc6 29. a5 Bh5 30. Nc2 Re7 31. d4 cxd4 32. Nxd4
Nxd4 33. Rxd4 Rxd4 34. cxd4 Re4 35. Re1 Rxd4 36. Bg8 Rd2+ 37. Kg3 Rxb2 38.
Re7 Rb5 39. Bxh7 Rxa5 40. Be4 Rb5 41. Kh4 Bd1 42. Rxg7 Rb4 43. g4 Rxe4 44.
Rf7 Re6 45. Kg3 a5 46. h4 a4 47. Rd7 Bc2 48. Rd2 Rc6 49. Rd8+ Ka7 50. Rd5
a3 51. Ra5+ Ra6 52. Rc5 Bb1 0-1

[Event "83rd ESP-ch Women-ch 2018"]
[Site "Linares"]
[Date "2018.08.26"]
[Round "7"]
[White "Tudela Corbalan, Carlos"]
[Black "Vega Gutierrez, Sabrina Neide"]
[Result "0-1"]
[WhiteElo "2246"]
[BlackElo "2390"]
[ECO "A28"]
[Opening "English"]
[Variation "four knights, 4.e3"]
[TimeControl "40/5400+30:1800+30"]
[Annotator "ChessBase"]
[EventDate "2018.08.09"]
[PlyCount "40"]
[EventType "tourn"]
[EventCountry "ESP"]

1. c4 e5 2. Nc3 Nf6 3. e3 Nc6 4. Nf3 Bb4 5. d4 e4 6. Nd2 Bxc3 7. bxc3 d6 8.
Be2 O-O 9. O-O Re8 10. Nb3 Ne7 11. c5 d5 12. c4 Nf5 13. Bd2 Nh4 14. Rb1
dxc4 15. Na5 Qd5 16. Kh1 Qg5 17. Rg1 Ng4 18. Be1 Nxh2 19. f4 Qh6 20. g4
Nxg4 0-1

[Event "83rd ESP-ch Women-ch 2018"]
[Site "Linares"]
[Date "2018.08.26"]
[Round "7"]
[White "Carretero Ortiz, Francisco"]
[Black "Sobrino Forte, Alvaro"]
[Result "1/2-1/2"]
[WhiteElo "2241"]
[BlackElo "1984"]
[ECO "B20"]
[Opening "Sicilian"]
[Variation "Steinitz variation"]
[TimeControl "40/5400+30:1800+30"]
[Annotator "ChessBase"]
[EventDate "2018.08.09"]
[PlyCount "112"]
[EventType "tourn"]
[EventCountry "ESP"]

1. e4 c5 2. g3 Nc6 3. Bg2 g6 4. Ne2 Bg7 5. c3 Nf6 6. d4 cxd4 7. cxd4 d5 8.
e5 Ng8 9. Nbc3 e6 10. Nb5 Nge7 11. Nd6+ Kf8 12. g4 Qb6 13. Qd3 Bd7 14. Qf3
Be8 15. Qc3 Qb4 16. O-O Qxc3 17. bxc3 Na5 18. Rb1 b6 19. Ba3 Kg8 20. c4 Bc6
21. Rfc1 dxc4 22. Nxc4 Nxc4 23. Rxc4 Bxg2 24. Kxg2 Nd5 25. Nc3 Nxc3 26.
Rxc3 Bf8 27. Bc1 Be7 28. Rc7 Bd8 29. Rd7 Kf8 30. Rb3 Ke8 31. Rb7 Rc8 32.
Ba3 a6 33. Rf3 Rc7 34. Rxb6 Rd7 35. Rd6 Rxd6 36. Bxd6 h5 37. h3 hxg4 38.
hxg4 Rh4 39. Kg3 Rh1 40. Rb3 Bh4+ 41. Kg2 Rd1 42. Rb8+ Kd7 43. Rb7+ Kc6 44.
Rxf7 Rxd4 45. Kh3 Bg5 46. Rg7 Rd3+ 47. Kg2 Bh4 48. Rxg6 Kd5 49. a3 Rd2 50.
Rg8 Bxf2 51. Kf3 Bd4 52. Ra8 Bxe5 53. Bxe5 Kxe5 54. Rxa6 Rd3+ 55. Ke2 Rg3
56. g5 Kf5 1/2-1/2

[Event "83rd ESP-ch Women-ch 2018"]
[Site "Linares"]
[Date "2018.08.26"]
[Round "7"]
[White "Silva Rodriguez, Fernando"]
[Black "Lopez Varela, Pablo"]
[Result "1/2-1/2"]
[WhiteElo "2239"]
[BlackElo "2100"]
[ECO "C41"]
[Opening "Philidor"]
[Variation "Improved Hanham variation"]
[TimeControl "40/5400+30:1800+30"]
[Annotator "ChessBase"]
[EventDate "2018.08.09"]
[PlyCount "67"]
[EventType "tourn"]
[EventCountry "ESP"]

1. e4 d6 2. d4 Nf6 3. Nc3 Nbd7 4. Nf3 e5 5. Bc4 Be7 6. O-O O-O 7. a4 c6 8.
h3 h6 9. Re1 Qc7 10. Ba2 Re8 11. Be3 Nf8 12. a5 Be6 13. d5 Bd7 14. Qd3 c5
15. Bc4 Ng6 16. Reb1 Nh5 17. Ne2 f5 18. exf5 Bf6 19. Nd2 e4 20. Nxe4 Ne5
21. Nxf6+ Nxf6 22. Qb3 Bxf5 23. Ng3 Bg6 24. Re1 Nxc4 25. Qxc4 Bf7 26. Bd2
Nxd5 27. Qg4 Nf6 28. Qh4 Rxe1+ 29. Rxe1 Re8 30. Rxe8+ Nxe8 31. c4 Qd7 32.
b3 Qe6 33. Qf4 Bg6 34. Qf3 1/2-1/2

[Event "83rd ESP-ch Women-ch 2018"]
[Site "Linares"]
[Date "2018.08.26"]
[Round "7"]
[White "Alvarez Serrano, Carlos"]
[Black "Vergara Anton, Diego"]
[Result "0-1"]
[WhiteElo "2225"]
[BlackElo "2022"]
[ECO "D37"]
[Opening "QGD"]
[Variation "4.Nf3"]
[TimeControl "40/5400+30:1800+30"]
[Annotator "ChessBase"]
[EventDate "2018.08.09"]
[PlyCount "140"]
[EventType "tourn"]
[EventCountry "ESP"]

1. d4 d5 2. c4 e6 3. Nf3 Nf6 4. Nc3 Be7 5. cxd5 exd5 6. Bg5 O-O 7. Qc2 c6
8. e3 Nbd7 9. Bd3 h6 10. Bh4 Ne8 11. Bg3 Nb6 12. O-O a5 13. Ne5 Nd6 14. b3
Bd7 15. a3 Qc8 16. f3 Bf5 17. e4 dxe4 18. fxe4 Bh7 19. Nc4 Ndxc4 20. bxc4
Qd7 21. Bf2 Rad8 22. d5 Nc8 23. e5 Bxd3 24. Qxd3 cxd5 25. cxd5 f6 26. Qc4
Kh8 27. d6 Nxd6 28. exd6 Bxd6 29. Rad1 Qe8 30. Rfe1 Qh5 31. Rxd6 Rxd6 32.
Qc5 Qxc5 33. Bxc5 Rfd8 34. Bxd6 Rxd6 35. Nb5 Rd3 36. Re7 b6 37. Re6 Rd1+
38. Kf2 Rd2+ 39. Kf3 Rd3+ 40. Kg4 h5+ 41. Kh4 Kh7 42. Rxb6 Kh6 43. g3 g5+
44. Kh3 Kg6 45. Kg2 Rd2+ 46. Kg1 Rd1+ 47. Kg2 Rd2+ 48. Kf1 Rxh2 49. Nd6 Ra2
50. Rb3 a4 51. Re3 f5 52. Re6+ Kh7 53. Nxf5 Rxa3 54. Rh6+ Kg8 55. Rxh5 Rf3+
56. Ke2 Rxf5 57. Kd2 Kg7 58. g4 Ra5 59. Kc2 a3 60. Kb1 a2+ 61. Ka1 Kf6 62.
Rh2 Ke5 63. Rf2 Ke4 64. Rf8 Kd4 65. Rf7 Re5 66. Rf3 Re4 67. Rg3 Ke5 68.
Kxa2 Kf4 69. Rg1 Kf3 70. Kb1 Kf2 0-1

[Event "83rd ESP-ch Women-ch 2018"]
[Site "Linares"]
[Date "2018.08.26"]
[Round "7"]
[White "Lopez Guerrero, Jose Miguel"]
[Black "Sole Pijuan, Ferran"]
[Result "0-1"]
[WhiteElo "2148"]
[BlackElo "2320"]
[ECO "C60"]
[Opening "Ruy Lopez"]
[Variation "fianchetto (Smyslov/Barnes) defence"]
[TimeControl "40/5400+30:1800+30"]
[Annotator "ChessBase"]
[EventDate "2018.08.09"]
[PlyCount "58"]
[EventType "tourn"]
[EventCountry "ESP"]

1. e4 e5 2. Nf3 Nc6 3. Bb5 g6 4. d3 Bg7 5. Bg5 Nge7 6. Qd2 h6 7. Bxe7 Nxe7
8. Nc3 O-O 9. Bc4 c6 10. Bb3 Kh7 11. h4 d5 12. O-O-O d4 13. Ne2 a5 14. a3
b5 15. Rdg1 c5 16. g4 c4 17. dxc4 a4 18. Ba2 Be6 19. Qd3 Qc7 20. Ng5+ hxg5
21. hxg5+ Kg8 22. Qh3 Rfc8 23. Kb1 bxc4 24. Ka1 c3 25. Bxe6 cxb2+ 26. Kxb2
Qxc2+ 27. Ka1 fxe6 28. Rg3 Rab8 29. Qh7+ Kf8 0-1

[Event "83rd ESP-ch Women-ch 2018"]
[Site "Linares"]
[Date "2018.08.26"]
[Round "7"]
[White "Cuevas Fernandez, Jose Alberto"]
[Black "Montero Melendez, Rafael"]
[Result "0-1"]
[WhiteElo "2147"]
[BlackElo "2367"]
[ECO "D91"]
[Opening "Gruenfeld"]
[Variation "5.Bg5"]
[TimeControl "40/5400+30:1800+30"]
[Annotator "ChessBase"]
[EventDate "2018.08.09"]
[PlyCount "42"]
[EventType "tourn"]
[EventCountry "ESP"]

1. d4 Nf6 2. Nf3 g6 3. c4 Bg7 4. Nc3 d5 5. Bg5 Ne4 6. Bh4 c6 7. e3 Qa5 8.
Bd3 Nxc3 9. Qd2 dxc4 10. Bxc4 b5 11. Be2 b4 12. bxc3 bxc3 13. Qc2 Bf5 14.
e4 Bd7 15. O-O c5 16. Qb3 Nc6 17. d5 Nd4 18. Nxd4 cxd4 19. Qb7 Rc8 20. Rab1
c2 21. Rb5 Qd2 0-1

[Event "83rd ESP-ch Women-ch 2018"]
[Site "Linares"]
[Date "2018.08.26"]
[Round "7"]
[White "Gomez Sanjuan, Hector Fernando"]
[Black "Teran Alvarez, Ismael"]
[Result "0-1"]
[WhiteElo "2146"]
[BlackElo "2377"]
[ECO "A41"]
[Opening "Queen's Pawn"]
[TimeControl "40/5400+30:1800+30"]
[Annotator "ChessBase"]
[EventDate "2018.08.09"]
[PlyCount "106"]
[EventType "tourn"]
[EventCountry "ESP"]

1. d4 d6 2. Nf3 Nf6 3. c4 g6 4. Nc3 Bf5 5. Nh4 Bd7 6. e4 Bg7 7. Be2 O-O 8.
O-O e5 9. Nf3 exd4 10. Nxd4 Re8 11. f3 Nc6 12. Be3 Nh5 13. Qd2 Nf4 14. Nxc6
Nxe2+ 15. Nxe2 bxc6 16. Bd4 Bxd4+ 17. Qxd4 c5 18. Qd2 Be6 19. Rac1 a5 20.
Rfd1 Qf6 21. Qc3 Qxc3 22. Rxc3 Reb8 23. Rd2 Rb4 24. b3 a4 25. Nf4 axb3 26.
axb3 Kf8 27. Nxe6+ fxe6 28. Kf2 Ra3 29. Rb2 Ke7 30. Ke3 Ra1 31. Kf4 e5+ 32.
Kg5 Rb8 33. Rcc2 Ra3 34. Rc3 Kf7 35. Rd3 h6+ 36. Kg4 Kf6 37. h3 Rb4 38. Rc3
Ra1 39. Kh4 Ke6 40. Kg3 Rb8 41. Rcc2 h5 42. Kf2 h4 43. Ke3 Ra3 44. Rc3 Rb4
45. Rd3 Ra1 46. Rc3 Kf6 47. Rcc2 Kg5 48. Kd3 Kf4 49. Kc3 Ra3 50. Rf2 Rb8
51. Rb1 Kg3 52. Rbb2 Raxb3+ 53. Rxb3 Rxb3+ 0-1

[Event "83rd ESP-ch Women-ch 2018"]
[Site "Linares"]
[Date "2018.08.26"]
[Round "7"]
[White "Perez Perez, Gabriel"]
[Black "Diaz Castro, Sergio"]
[Result "1/2-1/2"]
[WhiteElo "2058"]
[BlackElo "2289"]
[ECO "A40"]
[Opening "Modern defence"]
[TimeControl "40/5400+30:1800+30"]
[Annotator "ChessBase"]
[EventDate "2018.08.09"]
[PlyCount "102"]
[EventType "tourn"]
[EventCountry "ESP"]

1. d4 g6 2. Nf3 Bg7 3. g3 Nf6 4. Bg2 O-O 5. O-O d6 6. a4 a5 7. Nbd2 Nc6 8.
e4 e5 9. dxe5 dxe5 10. Nc4 Qxd1 11. Rxd1 Nxe4 12. Nfxe5 Nxe5 13. Nxe5 Nxf2
14. Re1 Re8 15. Kxf2 Bxe5 16. c3 c6 17. Bf4 f6 18. Re3 Bd7 19. Bxe5 Rxe5
20. Rxe5 fxe5 21. Re1 Re8 22. b4 Ra8 23. Rxe5 axb4 24. cxb4 Rxa4 25. Re7
Ra2+ 26. Ke3 Rxg2 27. Rxd7 b5 28. Rc7 Rxh2 29. Rxc6 Rb2 30. Kf4 Kg7 31.
Rc7+ Kh6 32. Rb7 Rxb4+ 33. Kf3 Kg5 34. Rxh7 Rb3+ 35. Kg2 b4 36. Kh3 Rc3 37.
Rb7 b3 38. Rb5+ Kf6 39. Kg4 Ke6 40. Rb6+ Kd5 41. Kf4 Kc4 42. Rxg6 b2 43.
Rc6+ Kd3 44. Rb6 Kc2 45. Rxb2+ Kxb2 46. g4 Rc8 47. g5 Kc3 48. g6 Kd4 49.
Kf5 Kd5 50. g7 Kd6 51. Kf6 Rg8 1/2-1/2

[Event "83rd ESP-ch Women-ch 2018"]
[Site "Linares"]
[Date "2018.08.26"]
[Round "7"]
[White "Cruz Ramirez, Nauzet"]
[Black "Blazquez Gomez, Juan Carlos"]
[Result "1-0"]
[WhiteElo "2037"]
[BlackElo "2240"]
[ECO "A04"]
[Opening "Reti opening"]
[TimeControl "40/5400+30:1800+30"]
[Annotator "ChessBase"]
[EventDate "2018.08.09"]
[PlyCount "87"]
[EventType "tourn"]
[EventCountry "ESP"]

1. Nf3 Nc6 2. g3 e5 3. d3 d5 4. Bg2 f6 5. O-O Be6 6. c3 Qd7 7. b4 a6 8.
Nbd2 h5 9. h4 Nh6 10. Nb3 b6 11. a4 Rd8 12. Qc2 Kf7 13. Bd2 Nf5 14. Rad1
Nb8 15. a5 Be7 16. Bc1 Qa4 17. axb6 cxb6 18. Bd2 Rc8 19. Nbd4 Qxc2 20. Nxc2
Nd6 21. Na3 Rc7 22. Ra1 Rhc8 23. Nb1 Nb5 24. Ne1 Nd6 25. Be3 Rc6 26. Bd2 b5
27. Nc2 Ne8 28. f4 Kg8 29. Bf3 g6 30. Ne3 d4 31. Bxc6 dxe3 32. Bxe8 exd2
33. Bxg6 Bg4 34. Nxd2 Rxc3 35. fxe5 fxe5 36. Rf7 Bxb4 37. Ne4 Rc6 38. Nf6+
Rxf6 39. Rxf6 Kg7 40. Raf1 Bxe2 41. Rf7+ Kg8 42. R1f6 Bg4 43. Bh7+ Kh8 44.
Rg6 1-0